 Dungeon Crawl Stone Soup version 0.30.0-30-g96aa6591b8 (webtiles) character file.

Game seed: 5785399220103242630

37 adizb the Shooter (level 3, 0/25 HPs)
             Began as an Octopode Hunter on June 28, 2023.
             Slain by Grinder (1 damage)
             ... on level 3 of the Dungeon.
             The game lasted 00:05:24 (1105 turns).

adizb the Shooter (Octopode Hunter)                 Turns: 1105, Time: 00:05:25

Health: 0/25       AC:  1    Str: 10    XL:     3   Next: 41%
Magic:  3/3        EV: 14    Int: 11    God:
Gold:   100        SH:  0    Dex: 17    Spells: 2/2 levels left

rFire   . . .        a - +0 shortbow
rCold   . . .        (shield currently unavailable)
rNeg    + . .        (helmet restricted)
rPois   +            e - amulet of regeneration
rElec   .            b - ring of poison resistance
rCorr   .            h - ring of positive energy
SInv    .            m - ring of flight
Will    .....        (no ring)
Stlth   +++          (no ring)
HPRegen 1.04/turn    (no ring)
MPRegen 0.08/turn    (no ring)
                     (no ring)

%: no passive effects
@: flying
A: almost no armour, amphibious, 8 rings, camouflage 1, gelatinous body 1,
(nimble swimmer 1), tentacles
a: no special abilities


You were on level 3 of the Dungeon.
You visited 1 branch of the dungeon, and saw 3 of its levels.

You collected 100 gold pieces.

Inventory:

Hand Weapons
 a - a +0 shortbow (weapon)
 g - a +0 sling
Jewellery
 b - a ring of poison resistance (left tentacle)
 e - an amulet of regeneration (around mantle)
 h - a ring of positive energy (right tentacle)
 k - an amulet of guardian spirit
 m - a ring of flight (on tentacle)
Scrolls
 c - 2 scrolls of identify {unknown}
 f - 2 scrolls of magic mapping {unknown}
 i - a scroll of silence {unknown}
 o - a scroll of butterflies {unknown}
Potions
 d - a potion of berserk rage {unknown}
 j - 2 potions of mutation {unknown}
 l - a potion of magic {unknown}
 n - a potion of heal wounds {unknown}
 p - a potion of curing
 q - a potion of brilliance {unknown}


   Skills:
 + Level 2.3 Fighting
 * Level 4.4 Ranged Weapons
 + Level 2.4 Dodging
 + Level 2.3 Stealth


You had 2 spell levels left.
You didn't know any spells.
Your spell library contained the following spells:

 Spells                   Type           Power      Damage    Failure   Level
 Shock                    Conj/Air       0%         1d3       34%         1
 Swiftness                Air            0%         N/A       71%         3
 Airstrike                Air            0%         2d(0-16)  98%         4


Dungeon Overview and Level Annotations

Branches:
Dungeon (3/15)

Altars:

Annotations:
D:3 Grinder


Innate Abilities, Weirdness & Mutations

You cannot wear most types of armour.
You are amphibious.
You can wear up to eight rings at the same time.
Your skin changes colour to match your surroundings (Stealth+).
Your rubbery body absorbs attacks. (AC +1, EV +1)
((You are camouflaged when in or above water. (Stealth+)))
You have tentacles for arms and can constrict up to eight enemies at once.


Message History

Grinder is healed!
You shoot an arrow. The arrow hits Grinder!
Grinder is severely wounded.
You shoot an arrow. The arrow hits Grinder!
Grinder is almost dead.
Grinder barely misses you.
You shoot an arrow.
The arrow hits Grinder but does no damage.
Grinder is almost dead.
Grinder hits you.
You shoot an arrow.
The arrow hits Grinder but does no damage.
Grinder is almost dead.
Grinder hits you.
You writhe in agony.
* * * LOW HITPOINT WARNING * * *
Grinder gestures at you. You resist with significant effort.
You are too injured to fight recklessly!
You are too injured to fight recklessly!
Fire: a) +0 shortbow
Press: ? - help, Q - select action Shift-Dir - straight line, f/p - Grinder
Aim: Grinder (almost dead, 60% to hit)
You shoot an arrow. The arrow hits Grinder.
Grinder is almost dead.
Grinder hits you.
* * * LOW HITPOINT WARNING * * *
Fire: a) +0 shortbow
Press: ? - help, Q - select action Shift-Dir - straight line, f/p - Grinder
Aim: Grinder (almost dead, 60% to hit)
You shoot an arrow. The arrow hits Grinder.
Grinder is almost dead.
Grinder barely misses you.
Fire: a) +0 shortbow
Press: ? - help, Q - select action Shift-Dir - straight line, f/p - Grinder
Aim: Grinder (almost dead, 60% to hit)
You shoot an arrow. The arrow barely misses Grinder.
Grinder hits you!
* * * LOW HITPOINT WARNING * * *
You writhe in agony.
You die...

##...........#. ......
#.............. ......#
#(............. .......
#.......##.#...
.......####......##>#.<.
........................
......)####.............
............##.##..##.)#
......5@..####.#..###..#
......###..# #.#.## #...
..... ##..##.# #... ....
#.#... .... ... ..... ..
.... . .... ..#


You could see Grinder.

Vanquished Creatures
  An adder (D:3)
  A worm (D:2)
  2 bats (D:1)
  3 endoplasms (D:1)
  2 giant cockroaches
  4 goblins
  2 kobolds
  3 ball pythons
  9 rats
27 creatures vanquished.

Notes
Turn   | Place    | Note
-------+----------+-------------------------------------------
     0 | D:1      | adizb the Octopode Hunter began the quest for the Orb.
     0 | D:1      | Reached XP level 1. HP: 14/14 MP: 1/1
   117 | D:1      | Found a faded altar of an unknown god.
   212 | D:1      | Reached XP level 2. HP: 19/19 MP: 2/2
   874 | D:2      | Reached XP level 3. HP: 24/24 MP: 3/3
  1082 | D:3      | Noticed Grinder
  1084 | D:3      | Paralysed by Grinder for 4 turns
  1091 | D:3      | Paralysed by Grinder for 2 turns
  1095 | D:3      | Paralysed by Grinder for 3 turns
  1105 | D:3      | HP: 1/25 [Grinder (7)]
  1105 | D:3      | Slain by Grinder

Illustrated notes

Levels and vault maps discovered:
D:1:      minmay_arrival_checkered_box, layout_rooms,
          hellmonk_ecumenical_altar_leap_of_faith
D:2:      layout_basic
D:3:      layout_rooms, old_standard_altar, uniq_grinder, uniq_robin,
          uniq_natasha

Skill      XL: |  1  2 |
---------------+-------+-----
Stealth        | 2 |  2.3
Fighting       | |  2.3
Ranged Weapons | |  4.4
Dodging        | |  2.4

Action                     || total
---------------------------++-------
   Fire: Shortbow          ||    65
 Armour: Skin              ||     1
  Dodge: Dodged            ||    10
